 Dungeon Crawl Stone Soup version 0.31-a0-1068-g5939ac1fb6 (webtiles) character file.

Game seed: 17960684911278525260

114 RamboRex the Trooper (level 4, -4/29 HPs)
             Began as a Gargoyle Fighter on Nov 25, 2023.
             Slain by a cerulean imp
             ... wielding a +2 spear
             ... summoned by Natasha
              (5 damage)
             ... on level 2 of the Dungeon.
             The game lasted 00:04:28 (1848 turns).

RamboRex the Trooper (Gargoyle Fighter)             Turns: 1848, Time: 00:04:30

Health: -4/29      AC: 16    Str: 22    XL:     4   Next: 97%
Magic:  4/4        EV:  6    Int:  8    God:
Gold:   145        SH:  4    Dex:  9    Spells: 3/3 levels left

rFire   . . .        a - +0 flail
rCold   . . .        c - +0 buckler
rNeg    + . .        k - +0 plate armour
rPois   ∞            (no helmet)
rElec   +            g - +0 cloak
rCorr   .            (no gloves)
SInv    .            (no boots)
Will    .....        (no amulet) Stlth
                     (no ring)
HPRegen 0.24/turn    (no ring)
MPRegen 0.09/turn

%: no passive effects
@: slowed, very slow
A: sickness immunity, AC +3, negative energy resistance 1, electricity
resistance, torment resistance 1, petrification resistance
a: no special abilities


You were on level 2 of the Dungeon.
You visited 1 branch of the dungeon, and saw 2 of its levels.

You collected 145 gold pieces.

Inventory:

Hand Weapons
 a - a +0 flail (weapon)
Armour
 c - a +0 buckler (worn)
 g - a +0 cloak (worn)
 k - a +0 plate armour (worn)
Jewellery
 b - a ring of resist corrosion
Scrolls
 d - a scroll of poison {unknown}
 e - 5 scrolls of identify {unknown}
 i - a scroll of noise {unknown}
 j - a scroll of silence {unknown}
Potions
 f - 2 potions of curing {unknown}
 h - a potion of haste {unknown}
 l - a potion of invisibility {unknown}


   Skills:
 + Level 4.0 Fighting
 * Level 3.4 Maces & Flails
 + Level 4.0 Armour
 + Level 3.9 Shields


You had 3 spell levels left.
You didn't know any spells.
Your spell library contained the following spells:

 Spells                   Type           Power      Damage    Failure   Level
 Apportation              Tloc           0%         N/A       100%        1
 Necrotise                Necr           0%         1d4       100%        1
 Summon Small Mammal      Summ           0%         N/A       100%        1


Dungeon Overview and Level Annotations

Branches:
Dungeon (2/15)

Altars:

Shops:
D:1 [   D:2 *

Annotations:
D:2 Natasha


Innate Abilities, Weirdness & Mutations

You are immune to sickness and miasma.
Your stone body is resilient. (AC +3)
You are immune to poison.
You resist negative energy. (rN+)
You are resistant to electric shocks. (rElec)
You are resistant to unholy torment.
You are immune to petrification.


Message History

Natasha stares at you and mumbles some strange words.
You feel yourself slow down.
The cerulean imp hits you but does no damage.
The cerulean imp barely misses you.
The cerulean imp hits you but does no damage.
Natasha claws you but does no damage.
The cerulean imp hits you but does no damage.
You barely miss Natasha.
The cerulean imp hits you but does no damage. x2
Natasha claws you.
The cerulean imp hits you but does no damage. x2
The cerulean imp hits you with a +2 spear.
* * * LOW HITPOINT WARNING * * *
You closely miss Natasha.
Natasha stares at you and mumbles some strange words.
The magic dart hits you but does no damage.
The cerulean imp barely misses you.
The cerulean imp hits you from afar with a +1 spear.
* * * LOW HITPOINT WARNING * * *
The cerulean imp hits you but does no damage.
Natasha claws you but does no damage.
The cerulean imp hits you with a +2 spear.
* * * LOW HITPOINT WARNING * * *
The cerulean imp hits you but does no damage.
The cerulean imp barely misses you.
You closely miss Natasha.
The cerulean imp disappears in a puff of smoke!
Natasha casts a spell at you.
You feel as though you will be slow longer.
The cerulean imp hits you but does no damage.
The cerulean imp completely misses you. Natasha claws you but does no damage.
The cerulean imp hits you with a +2 spear.
* * * LOW HITPOINT WARNING * * *
You hit Natasha.
Natasha is lightly wounded.
The cerulean imp barely misses you.
Natasha stares at you and mumbles some strange words.
You resist with some effort. The cerulean imp completely misses you.
The cerulean imp hits you with a +2 spear.
You die...

.....#
......#.#####)#
######
.[!###.........#
#..........h####
#.#####.###.#
### #=# .# ..
#.# . #. #§# .
#.##.##h# .#
#....5@5#
#....#### #.###
#


You could see Natasha and 2 cerulean imps.

Vanquished Creatures
  An orc priest (D:2)
  3 gnolls (D:2)
  An adder (D:2)
  A dart slug (D:1)
  2 orcs (D:2)
  2 ball pythons (D:1)
  4 bats
  2 endoplasms (D:2)
  5 giant cockroaches
  A goblin (D:1)
  6 hobgoblins
  3 quokkas
  4 frilled lizards (D:1)
  4 kobolds
  2 rats (D:1)
41 creatures vanquished.

Notes
Turn   | Place    | Note
-------+----------+-------------------------------------------
     0 | D:1      | RamboRex the Gargoyle Fighter began the quest for the Orb.
     0 | D:1      | Reached XP level 1. HP: 14/14 MP: 1/1
    46 | D:1      | Reached XP level 2. HP: 19/19 MP: 2/2
   219 | D:1      | Found Meoklax's Armour Shoppe.
   536 | D:1      | Reached XP level 3. HP: 23/23 MP: 3/3
  1095 | D:2      | Reached XP level 4. HP: 17/29 MP: 4/4
  1396 | D:2      | Found Ofiaqel's General Store.
  1823 | D:2      | Noticed Natasha
  1847 | D:2      | HP: 1/29 [cerulean imp/+2 spear[Natasha] (1)]
  1848 | D:2      | Slain by a cerulean imp

Illustrated notes

Levels and vault maps discovered:
D:1:      saegor_arrival_simple_d, layout_basic, serial_shops,
          nicolae_shop_competitors_out_of_business, grunt_decor_mini_mirrors,
          minivault_4, minmay_tetromino_o2
D:2:      cheibrodos_pilgrimage, layout_loops_cross, serial_shops, shop_coins,
          guppyfry_early_lair_pool, uniq_natasha

Skill      XL: |  1  2  3  4 |
---------------+-------------+-----
Maces & Flails | 3 |  3.4
Fighting       | 4 |  4.0
Armour         | 4 |  4.0
Shields        | |  3.9

Action                     |  1- 3 |  4- 6 || total
---------------------------+-------+-------++-------
  Melee: Flail             |    72 |    80 ||   152
    Use: Potion            |       |     1 ||     1
 Armour: Scale mail        |    13 |       ||    13
         Chain mail        |    37 |    82 ||   119
         Plate armour      |       |    40 ||    40
  Dodge: Dodged            |    34 |    72 ||   106
  Block: Buckler           |    16 |    31 ||    47

Table legend: (Time is in decaauts)
 A = Elapsed time spent in this place.
 B = Non-inter-level travel time spent in this place.
 C = Inter-level travel time spent in this place.
 D = Time resting spent in this place.
 E = Time spent auto-exploring this place.
 F = Levels seen in this place.
 G = Mean time per level.
                   A        B        C        D        E       F      G
               +--------+--------+--------+--------+--------+-----+--------+
         Total |   1896 |   1877 |     19 |    607 |    781 |   2 |  948.0 |
       Dungeon |   1896 |   1877 |     19 |    607 |    781 |   2 |  948.0 |
               +--------+--------+--------+--------+--------+-----+--------+

Top non-repeatable levels by time:
     D:1: 1018 daAuts
     D:2: 878 daAuts
